[Event "Titled Tuesday Blitz May 23 Late 2023"]
[White "Makarian, Rudik"]
[Black "Holt, Conrad"]
[WhiteFideId "44105681"]
[BlackFideId "2034387"]
[WhiteElo "2461"]
[BlackElo "2592"]
[Result "0-1"]
[Round "09"]
[TimeControl "180+2"]
[Date "2023.05.23"]
[WhiteClock "0:00:00"]
[BlackClock "0:00:32"]

1. d4 d5 2. c4 c6 3. Nf3 Nf6 4. Nc3 dxc4 5. g3 b5 6. Bg2 Bb7 7. Ne5 Nfd7 8. Nxb5 Nxe5 9. dxe5 Qxd1+ 10. Kxd1 Na6 11. Nc3 O-O-O+ 12. Bd2 e6 13. Rc1 Bb4 14. a3 Ba5 15. Ne4 Rxd2+ 16. Nxd2 Rd8 17. Rc2 Nc5 18. b4 cxb3 19. Rxc5 Bxd2 20. Rc4 Bh6+ 21. Ke1 b2 22. Be4 c5 23. Rxc5+ Kd7 24. Bb1 Bxh1 25. f3 Be3 26. Rc3 Rc8 27. Rxe3 Rc1+ 28. Kd2 Rxb1 29. Kc2 Rg1 30. Kxb2 Rg2 31. Kc3 Rxh2 32. Kb4 g5 33. Ka5 g4 34. Ka6 gxf3 35. exf3 Rf2 36. f4 Bc6 37. Kxa7 Kc7 38. Rc3 Rd2 39. Rc4 Rd8 0-1


[Site "https://www.chess.com"]

[Event "Titled Tuesday Blitz May 23 Late 2023"]
[White "Cordova, Emilio"]
[Black "Dimitrov, Atanas"]
[WhiteFideId "3801497"]
[BlackFideId "2901315"]
[WhiteElo "2607"]
[BlackElo "2715"]
[Result "1-0"]
[Round "09"]
[TimeControl "180+2"]
[Date "2023.05.23"]
[WhiteClock "0:00:40"]
[BlackClock "0:00:00"]

1. d4 Nf6 2. Bg5 e6 3. Nd2 d5 4. e3 Be7 5. Bd3 b6 6. Ngf3 Bb7 7. Ne5 a6 8. c3 Nbd7 9. f4 c5 10. Qf3 h6 11. Bxf6 gxf6 12. Nxd7 Qxd7 13. f5 O-O-O 14. O-O Kb8 15. a4 e5 16. Qe2 Ka7 17. Qh5 Bd6 18. Rf2 Rdg8 19. Qd1 h5 20. Be2 Rg5 21. Qf1 e4 22. a5 b5 23. Nb3 c4 24. Nc5 Qc7 25. Rf4 Bxc5 26. dxc5 Qxc5 27. Qf2 Rhg8 28. Re1 b4 29. Bf1 bxc3 30. bxc3 Qxa5 31. Qd2 Qc5 32. Ra1 Rb8 33. Be2 Bc6 34. Kf2 Rbg8 35. g3 h4 36. Rxh4 Rxf5+ 37. Rf4 Rxf4+ 38. gxf4 Rh8 39. Rh1 Ka8 40. h4 f5 41. h5 Rh6 42. Rg1 Rh8 43. Rg7 Qf8 44. Qd4 Rh6 45. Rg5 Qh8 46. Qc5 Bb7 47. Rxf5 f6 48. Rxd5 Bxd5 49. Qxd5+ Ka7 50. Qd4+ Kb7 51. Qxe4+ Ka7 52. Qd4+ Kb7 53. Bf3+ Kc7 54. Qc5+ Kd7 55. Bg4+ Ke8 56. Qc8+ Kf7 57. Qd7+ Kf8 58. Qd8+ Kf7 59. Qc7+ Kf8 60. Qc8+ Kf7 61. Qxc4+ Kg7 62. Qc7+ Kf8 63. Be6 Qh7 64. Qd8+ Kg7 65. Qe7+ 1-0


[Site "https://www.chess.com"]

[Event "Titled Tuesday Blitz May 23 Late 2023"]
[White "Ilkhomi, Jaloliddin"]
[Black "Rustemov, Alexander"]
[WhiteFideId "14700948"]
[BlackFideId "4119002"]
[WhiteElo "2045"]
[BlackElo "2860"]
[Result "1-0"]
[Round "09"]
[TimeControl "180+2"]
[Date "2023.05.23"]
[WhiteClock "0:00:06"]
[BlackClock "0:00:10"]

1. Nf3 d5 2. d4 Nf6 3. Bf4 c5 4. e3 Nc6 5. c3 Bg4 6. Nbd2 e6 7. Qb3 Qc8 8. Ne5 Bh5 9. Rc1 Be7 10. Qa4 a6 11. Nxc6 bxc6 12. Bd3 O-O 13. O-O Qb7 14. b3 Nd7 15. f3 Bg6 16. Bxg6 hxg6 17. c4 Rfc8 18. Qa5 Qb6 19. Qc3 a5 20. Rfd1 a4 21. cxd5 cxd5 22. dxc5 Bxc5 23. bxa4 e5 24. a5 Qa7 25. Bg5 f6 26. Qd3 fxg5 27. Qxd5+ Kh7 28. Kh1 Bxe3 29. Rxc8 Rxc8 30. Ne4 Nf6 31. Qe6 Nxe4 32. Qh3+ Kg8 33. Qxc8+ Kh7 34. Qh3+ Kg8 35. fxe4 Bd4 36. Rc1 g4 37. Qxg4 Be3 38. Rc8+ Kh7 39. Qh3+ Bh6 40. Qe6 Bf4 41. Qg8+ Kh6 42. Qh8+ Kg5 43. Qd8+ Kh5 44. Qd1+ Kg5 45. Rh8 Qc5 46. Qd8+ Kg4 47. Qh4# 1-0


[Site "https://www.chess.com"]

[Event "Titled Tuesday Blitz May 23 Late 2023"]
[White "Kleiman, Jake"]
[Black "Maksimovic, Bojan"]
[WhiteFideId "2020041"]
[BlackFideId "14408120"]
[WhiteElo "2634"]
[BlackElo "2468"]
[Result "1-0"]
[Round "09"]
[TimeControl "180+2"]
[Date "2023.05.23"]
[WhiteClock "0:00:07"]
[BlackClock "0:00:00"]

1. e4 g6 2. d4 Nf6 3. e5 Nh5 4. g4 Ng7 5. Bg2 d6 6. f4 h5 7. h3 dxe5 8. fxe5 c5 9. d5 e6 10. d6 Qh4+ 11. Kf1 Nc6 12. Nf3 Qg3 13. Nc3 hxg4 14. Ne4 gxf3 15. Nxg3 fxg2+ 16. Kxg2 Bd7 17. Re1 Nh5 18. Bg5 Bg7 19. Nxh5 Rxh5 20. Bf6 Bxf6 21. exf6 O-O-O 22. c3 Rdh8 23. Re3 e5 24. Qd5 Be6 25. Qxc5 Bxh3+ 26. Rxh3 Rxh3 27. d7+ Kd8 28. Rd1 Rh2+ 29. Kf3 R8h3+ 30. Ke4 Rh8 31. Kd5 Kxd7 32. Kc4+ Kc8 33. Kb3 a5 34. a4 Kb8 35. Qb6 Rc8 36. Rd7 1-0


[Site "https://www.chess.com"]

[Event "Titled Tuesday Blitz May 23 Late 2023"]
[White "Rostovtsev, Dmitry"]
[Black "Machidon, Cristi"]
[WhiteFideId "34278320"]
[BlackFideId "13904590"]
[WhiteElo "2344"]
[BlackElo "2355"]
[Result "1-0"]
[Round "09"]
[TimeControl "180+2"]
[Date "2023.05.23"]
[WhiteClock "0:01:38"]
[BlackClock "0:00:04"]

1. e4 c6 2. d4 d5 3. e5 Bf5 4. Nc3 e6 5. g4 Bg6 6. Nge2 c5 7. h4 h5 8. Nf4 Bh7 9. Nxh5 Nc6 10. dxc5 Bxc5 11. Bg5 Qc7 12. f4 Kf8 13. Bd3 Rc8 14. a3 Bd4 15. Nb5 Qb6 16. c3 Bf2+ 17. Kf1 Bxd3+ 18. Qxd3 Rxh5 19. gxh5 f6 20. exf6 gxf6 21. h6 fxg5 22. h7 Kg7 23. h8=Q+ Kxh8 24. hxg5+ Kg7 25. Rh7+ Kf8 26. Qg6 Qxb5+ 27. Kg2 1-0


[Site "https://www.chess.com"]

[Event "Titled Tuesday Blitz May 23 Late 2023"]
[White "Filipascu"]
[Black "Williams, Simon K"]
[BlackFideId "404454"]
[WhiteElo "2600"]
[BlackElo "2468"]
[Result "1-0"]
[Round "09"]
[TimeControl "180+2"]
[Date "2023.05.23"]
[WhiteClock "0:00:32"]
[BlackClock "0:00:14"]

1. Nf3 f5 2. c4 Nf6 3. d4 e6 4. Bf4 b6 5. e3 Bb7 6. Be2 Bb4+ 7. Nbd2 O-O 8. O-O a5 9. a3 Bxd2 10. Nxd2 a4 11. Rc1 Nc6 12. Bf3 d6 13. Nb1 Ne4 14. Bxe4 fxe4 15. Nc3 Qe8 16. Bg3 Ne7 17. c5 Nf5 18. cxd6 cxd6 19. d5 Ra5 20. dxe6 Qxe6 21. Qd2 Ba6 22. Rfd1 Bd3 23. Ne2 g5 24. Nd4 Nxd4 25. exd4 Raf5 26. Rc6 Rd5 27. Qe3 Qf6 28. Rxb6 h5 29. h3 h4 30. Bh2 Kg7 31. Rb7+ Kg6 32. Rb6 Rc8 33. f3 Qf5 34. Bxd6 Kh5 35. fxe4 Qxe4 36. Qxd3 Qxd3 37. Rxd3 Rc2 1-0


[Site "https://www.chess.com"]

[Event "Titled Tuesday Blitz May 23 Late 2023"]
[White "Goroshkov, Maksym"]
[Black "Fridman, Daniel"]
[WhiteFideId "14142716"]
[BlackFideId "11600454"]
[WhiteElo "2322"]
[BlackElo "2525"]
[Result "0-1"]
[Round "09"]
[TimeControl "180+2"]
[Date "2023.05.23"]
[WhiteClock "0:00:20"]
[BlackClock "0:00:31"]

1. e4 c6 2. d4 d5 3. exd5 cxd5 4. c4 Nf6 5. Nc3 Nc6 6. Nf3 Bg4 7. cxd5 Nxd5 8. Bc4 e6 9. O-O Nb6 10. Bb5 Rc8 11. Be3 Bb4 12. h3 Bh5 13. d5 Nxd5 14. Nxd5 exd5 15. a3 Bd6 16. Kh1 O-O 17. Qxd5 Bg6 18. Rad1 Bb8 19. Qxd8 Rfxd8 20. Rxd8+ Nxd8 21. Rd1 Ne6 22. Bd7 Rd8 23. Rd2 Nf4 24. Rd4 Nd3 25. b4 a6 26. Bg5 Rf8 27. Be7 Ba7 28. Bxf8 Bxd4 29. Nxd4 Kxf8 30. f3 b6 31. Bc8 a5 32. bxa5 bxa5 33. Ba6 Nc5 34. Bb5 f6 35. Nc6 Be8 36. a4 Bxc6 37. Bxc6 Ke7 38. Kg1 Kd6 39. Be8 Kd5 40. Kf2 Kc4 41. Ke3 Kb4 42. Kd4 Nxa4 43. Kd5 Nc3+ 44. Ke6 Nb5 45. Kf7 Nd6+ 46. Kxg7 Nxe8+ 47. Kxh7 a4 48. Kg6 a3 49. h4 a2 50. h5 a1=Q 51. h6 f5 52. Kxf5 Qf6+ 53. Kg4 Qxh6 54. f4 Nf6+ 55. Kf5 Nd5 56. g3 Qg7 57. g4 Ne3+ 58. Ke4 Nxg4 59. f5 Qe5+ 60. Kd3 Qe3+ 61. Kc2 Qe2+ 62. Kc1 Kb3 63. f6 Qc2# 0-1


[Site "https://www.chess.com"]

[Event "Titled Tuesday Blitz May 23 Late 2023"]
[White "Baskakov, Egor"]
[Black "Korchmar, Vasiliy"]
[WhiteFideId "24197866"]
[BlackFideId "24131750"]
[WhiteElo "2225"]
[BlackElo "2370"]
[Result "1/2-1/2"]
[Round "09"]
[TimeControl "180+2"]
[Date "2023.05.23"]
[WhiteClock "0:00:07"]
[BlackClock "0:00:04"]

1. e4 c5 2. Nf3 d6 3. d4 cxd4 4. Nxd4 Nf6 5. Nc3 Nc6 6. g3 g6 7. Nde2 Bg7 8. Bg2 O-O 9. h3 Bd7 10. O-O Rb8 11. a4 a6 12. Be3 b5 13. axb5 axb5 14. Nd5 e6 15. Nxf6+ Bxf6 16. Nd4 Ne5 17. b3 Qc7 18. Qd2 Rfc8 19. Ra6 b4 20. Rfa1 Nc6 21. Nxc6 Bxc6 22. R1a2 Bc3 23. Qd1 Ra8 24. Ra7 Bb7 25. Qe2 Rxa7 26. Rxa7 Ra8 27. Rxa8+ Bxa8 28. Qb5 Bc6 29. Qa6 Qb7 30. Qd3 d5 31. exd5 Bxd5 32. Bxd5 exd5 33. h4 h5 34. Bd4 Bxd4 35. Qxd4 Qc6 36. Qxb4 Qxc2 37. Qb8+ Kh7 38. Qb7 Qb1+ 39. Kh2 Qf5 40. Qb6 Qe5 41. b4 d4 42. Qa6 Qf5 43. Qe2 d3 44. Qd2 Qf3 45. b5 Qe2 46. Qf4 Kg7 47. Qd4+ Kh7 48. b6 d2 49. b7 d1=Q 50. Qxd1 Qxd1 51. b8=Q Qd5 52. Qf4 Qe6 53. Kg1 Kg7 54. Qd4+ Qf6 55. Qd1 Qe5 56. Qf3 Qf6 57. Qb7 Qa1+ 58. Kg2 Qe5 59. Qb3 Qd4 60. Qa2 Qc3 61. f3 Qd4 62. Qe2 Qc3 63. g4 hxg4 64. fxg4 Qc6+ 65. Kg3 Qd6+ 66. Kh3 Qa3+ 67. Kg2 Qc3 68. Qe4 Qb2+ 69. Kf3 Qc3+ 70. Kf4 Qf6+ 71. Kg3 Qc3+ 72. Kg2 Qb2+ 73. Kg3 Qc3+ 74. Qf3 Qe5+ 75. Qf4 Qc3+ 76. Kg2 Qb2+ 77. Qf2 Qe5 78. Qg3 Qb2+ 79. Kh3 Qa1 80. Kg2 Qb2+ 81. Kh3 Qa1 82. Kg2 Qb2+ 1/2-1/2


[Site "https://www.chess.com"]

[Event "Titled Tuesday Blitz May 23 Late 2023"]
[White "Licznerski, Lukasz"]
[Black "Adla, Diego"]
[WhiteFideId "1179250"]
[BlackFideId "100072"]
[WhiteElo "2453"]
[BlackElo "2377"]
[Result "1-0"]
[Round "09"]
[TimeControl "180+2"]
[Date "2023.05.23"]
[WhiteClock "0:00:46"]
[BlackClock "0:00:57"]

1. e4 e5 2. Nc3 Nf6 3. g3 Bc5 4. Bg2 d6 5. h3 a6 6. Nge2 Nc6 7. d3 h6 8. O-O O-O 9. Kh2 b5 10. a3 Nd4 11. f4 Nxe2 12. Qxe2 c6 13. Be3 Bxe3 14. Qxe3 a5 15. fxe5 dxe5 16. Qc5 Qe8 17. Nd1 Ra6 18. Ne3 Nd7 19. Qc3 Qe7 20. Nf5 Qc5 21. Qxc5 Nxc5 22. Ne7+ Kh7 23. Nxc8 Rxc8 24. Rxf7 b4 25. axb4 axb4 26. Rxa6 Nxa6 27. b3 Kg6 28. Ra7 Nc5 29. Ra5 Ne6 30. Rxe5 Nd4 31. Rc5 Kf6 32. h4 Ke6 33. Bh3+ Kd6 34. Rc4 Ne6 35. d4 1-0


[Site "https://www.chess.com"]

[Event "Titled Tuesday Blitz May 23 Late 2023"]
[White "Panesar Vedant"]
[Black "Filgueira, Hernan"]
[WhiteFideId "35033018"]
[BlackFideId "101770"]
[WhiteElo "2347"]
[BlackElo "2363"]
[Result "1-0"]
[Round "09"]
[TimeControl "180+2"]
[Date "2023.05.23"]
[WhiteClock "0:01:36"]
[BlackClock "0:00:01"]

1. e4 d6 2. d4 Nf6 3. Nc3 e5 4. dxe5 dxe5 5. Qxd8+ Kxd8 6. Bc4 Ke8 7. Nf3 Bd6 8. Bg5 Nbd7 9. O-O-O a6 10. Rhe1 h6 11. Bh4 Rb8 12. Nd5 Nxd5 13. Bxd5 f6 14. Nd2 Nb6 15. Bb3 Ke7 16. f3 Be6 17. Bf2 Nd7 18. Bxe6 Kxe6 19. Nc4 Rhd8 20. Nxd6 cxd6 21. Rd5 Rbc8 22. Red1 Rc6 23. g4 h5 24. h3 Rh8 25. c3 hxg4 26. hxg4 Rh3 27. R5d2 Rxf3 28. Rg1 Rf4 29. g5 f5 30. exf5+ Rxf5 31. g6 Nf6 32. Be3 Ne4 33. Rh2 Rf3 34. Bd2 d5 35. Rh7 Rc7 36. Bh6 Nf6 37. Bxg7 Nxh7 38. gxh7 Rxg7 39. Rxg7 Rh3 40. Rxb7 a5 41. Kd2 Kf5 42. b4 axb4 43. cxb4 Ke4 44. b5 Rh2+ 45. Ke1 Ke3 46. Kf1 d4 47. b6 d3 48. Rd7 d2 49. b7 Rxh7 50. b8=Q Rxd7 51. Qxe5+ Kd3 52. Qf5+ Kc3 53. Qxd7 1-0


[Site "https://www.chess.com"]

[Event "Titled Tuesday Blitz May 23 Late 2023"]
[White "Makridis, Dimitrios"]
[Black "Gubajdullin, Alexei"]
[WhiteFideId "25864475"]
[BlackFideId "4141202"]
[WhiteElo "2277"]
[BlackElo "2279"]
[Result "1-0"]
[Round "09"]
[TimeControl "180+2"]
[Date "2023.05.23"]
[WhiteClock "0:00:18"]
[BlackClock "0:00:00"]

1. e4 g6 2. h4 h6 3. d4 Bg7 4. c3 d6 5. h5 g5 6. f4 gxf4 7. Bxf4 Nc6 8. Nd2 e5 9. dxe5 Nxe5 10. Ngf3 Ng4 11. Qc2 N8f6 12. Bd3 Be6 13. Nd4 Qe7 14. N2f3 O-O-O 15. O-O-O Kb8 16. Nh4 Rhe8 17. Nhf5 Bxf5 18. Nxf5 Qf8 19. Kb1 Nd7 20. Be2 Nge5 21. Rhf1 Nc5 22. g4 Ne6 23. Bc1 Ng5 24. Bxg5 hxg5 25. Bb5 Re6 26. Qe2 Bh8 27. Ba4 a6 28. Bb3 Rf6 29. a4 Qe8 30. Bc2 Qc6 31. Qe3 Nc4 32. Qxg5 Qb6 33. b3 Na3+ 34. Kb2 Qc5 35. b4 Qxb4+ 36. cxb4 Rxf5+ 37. Kxa3 Rxg5 38. Rxf7 a5 39. bxa5 Rxa5 40. Rf5 Bc3 41. Rxa5 Bxa5 42. g5 Rf8 43. g6 Rf3+ 44. Bb3 Bc3 45. h6 Rg3 46. g7 Bxg7 47. hxg7 Rxg7 48. Rd4 Re7 49. Kb2 Ka7 50. Bd5 c6 51. Bb3 Rd7 52. Be6 Rd8 53. Kc3 Kb6 54. Bf5 Kc5 55. a5 d5 56. e5 Rf8 57. Bd3 Rf3 58. Rb4 1-0


[Site "https://www.chess.com"]

[Event "Titled Tuesday Blitz May 23 Late 2023"]
[White "Rozman, Levy"]
[Black "Tomiello, Mateus Costamilan"]
[WhiteFideId "2039877"]
[BlackFideId "22701958"]
[WhiteElo "2376"]
[BlackElo "1990"]
[Result "1-0"]
[Round "09"]
[TimeControl "180+2"]
[Date "2023.05.23"]
[WhiteClock "0:01:50"]
[BlackClock "0:01:35"]

1. e4 e5 2. Nc3 Nf6 3. f4 d5 4. fxe5 Nxe4 5. Qf3 Nxc3 6. bxc3 Be7 7. d4 O-O 8. Bd3 c5 9. Ne2 Nc6 10. O-O Be6 11. Be3 Qd7 12. Ng3 Rac8 13. Qh5 g6 14. Qh6 cxd4 15. Nh5 1-0


[Site "https://www.chess.com"]

[Event "Titled Tuesday Blitz May 23 Late 2023"]
[White "Potapova, Margarita"]
[Black "Hamitevici, Vladimir"]
[WhiteFideId "14126869"]
[BlackFideId "13902393"]
[WhiteElo "2244"]
[BlackElo "2401"]
[Result "1-0"]
[Round "09"]
[TimeControl "180+2"]
[Date "2023.05.23"]
[WhiteClock "0:00:26"]
[BlackClock "0:00:00"]

1. d4 Nf6 2. c4 b6 3. Nc3 Bb7 4. Qc2 d5 5. cxd5 Nxd5 6. Nf3 e6 7. e4 Nxc3 8. bxc3 Be7 9. Bd3 c5 10. O-O cxd4 11. cxd4 O-O 12. Bb2 Nc6 13. Qe2 Rc8 14. a3 Bf6 15. e5 Be7 16. Rad1 Na5 17. Nd2 Qd5 18. Be4 Qa2 19. Bxb7 Nxb7 20. Ne4 Rfd8 21. Rd3 Qc4 22. Rfd1 h6 23. h4 Na5 24. Qg4 Kh8 25. Bc1 Rg8 26. Ng5 Rcf8 27. Qh5 Bxg5 28. hxg5 Nb3 29. Bf4 Kh7 30. Rg3 Qc2 31. Rdd3 1-0


[Site "https://www.chess.com"]

[Event "Titled Tuesday Blitz May 23 Late 2023"]
[White "Matinian, Nikita"]
[Black "Eugene, Floryan"]
[WhiteFideId "24129100"]
[BlackFideId "20694784"]
[WhiteElo "2422"]
[BlackElo "2369"]
[Result "1-0"]
[Round "09"]
[TimeControl "180+2"]
[Date "2023.05.23"]
[WhiteClock "0:00:10"]
[BlackClock "0:00:07"]

1. e4 c5 2. Nf3 Nc6 3. Bb5 g6 4. O-O Bg7 5. d3 e5 6. a3 Nge7 7. b4 b6 8. bxc5 bxc5 9. a4 O-O 10. Be3 d6 11. Nc3 Nd4 12. Nd2 f5 13. Bg5 h6 14. Bxe7 Qxe7 15. Bc4+ Kh7 16. Nd5 Qg5 17. c3 Ne6 18. exf5 gxf5 19. Rb1 h5 20. Nf3 Qh6 21. Qc1 f4 22. Qe1 Ng5 23. Nxg5+ Qxg5 24. Nc7 Bh3 25. Qe4+ Bf5 26. Ne6 Qg6 27. Nxf8+ Rxf8 28. Qd5 e4 29. Rb7 f3 30. g3 Qg4 31. Kh1 Qh3 32. Rg1 e3 33. Qxf3 exf2 34. Rg2 f1=Q+ 35. Qxf1 Be4 36. Rf7 Rxf7 37. Bxf7 Bxg2+ 38. Qxg2 Qxg2+ 39. Kxg2 h4 40. c4 hxg3 41. hxg3 Be5 42. Kf3 Kg7 43. Bh5 Kf6 44. Bg4 Bc3 45. Bc8 Be1 46. g4 Ke5 47. g5 Bd2 48. Kg4 Kd4 49. Bf5 Ke5 50. Be4 Ke6 51. Bd5+ Ke7 52. Kf5 Bc3 53. Kg6 Kf8 54. Kf5 Ke7 55. Be4 Be5 56. Bf3 Bd4 57. Bg4 Be5 58. Ke4 a5 59. Kd5 Bc3 60. Bf5 Be5 61. Be4 Bc3 62. Kc6 Be5 63. Kb6 Bc3 64. Kc7 Be5 65. g6 d5+ 66. Kc6 dxe4 67. dxe4 Bd4 68. Kb5 Kf6 69. Kxa5 Kxg6 70. Kb6 Bc3 71. a5 Bf6 72. a6 Bd8+ 73. Kb7 Kf6 74. a7 Ke5 75. a8=Q Be7 76. Qe8 Kd6 77. Qc6+ Ke5 78. Qd5+ Kf6 79. Kc6 Kg7 80. Kd7 Bf6 81. Ke6 Bd4 82. Qf5 Kh8 83. Qf7 Bg7 84. Kf5 Bf6 85. Kg6 Bg7 86. Qe8+ Bf8 87. Qxf8# 1-0


[Site "https://www.chess.com"]

[Event "Titled Tuesday Blitz May 23 Late 2023"]
[White "Adewumi, Tanitoluwa"]
[Black "Goltsev, Dmitry"]
[WhiteFideId "30966396"]
[BlackFideId "24176710"]
[WhiteElo "2578"]
[BlackElo "2356"]
[Result "1-0"]
[Round "09"]
[TimeControl "180+2"]
[Date "2023.05.23"]
[WhiteClock "0:00:07"]
[BlackClock "0:00:01"]

1. e4 e6 2. d4 d5 3. exd5 exd5 4. Nf3 Nf6 5. Bd3 c5 6. dxc5 Bxc5 7. O-O O-O 8. Bg5 Bg4 9. Nc3 Nc6 10. Nxd5 Qxd5 11. Bxf6 Bxf3 12. gxf3 Qh5 13. Bc3 Rad8 14. f4 Qh4 15. Qf3 Rd6 16. Qg3 Qh6 17. Qg5 Bd4 18. Qxh6 Rxh6 19. Bxd4 Nxd4 20. Kg2 f5 21. c3 Rg6+ 22. Kh1 Nf3 23. Be2 Nd2 24. Rg1 Re6 25. Bd3 g6 26. Rad1 Nf3 27. Bc4 Kf7 28. Rg3 b5 29. Bb3 Kf6 30. Bxe6 Nh4 31. Bb3 Re8 32. Re3 Rb8 33. Rd7 Rb6 34. Rf7# 1-0


[Site "https://www.chess.com"]

[Event "Titled Tuesday Blitz May 23 Late 2023"]
[White "Domingo Nunez, Ruben"]
[Black "Ollier, Pablo"]
[WhiteFideId "22245570"]
[BlackFideId "652318"]
[WhiteElo "2404"]
[BlackElo "2573"]
[Result "1-0"]
[Round "09"]
[TimeControl "180+2"]
[Date "2023.05.23"]
[WhiteClock "0:00:42"]
[BlackClock "0:00:02"]

1. c4 c5 2. Nc3 Nc6 3. g3 g6 4. Bg2 Bg7 5. Nf3 e5 6. O-O Nge7 7. Ne1 O-O 8. Nc2 a6 9. Ne3 Rb8 10. a4 Nb4 11. d3 d6 12. Bd2 Be6 13. Ncd5 Nbxd5 14. cxd5 Bd7 15. Nc4 Qc7 16. a5 f5 17. b4 e4 18. dxe4 Bxa1 19. Qxa1 Bb5 20. Bh6 Rf7 21. Nxd6 Qxd6 22. e5 Qc7 23. e6 Nc8 24. Bf4 Nd6 25. bxc5 Qxc5 26. Rc1 Qb4 27. exf7+ 1-0


[Site "https://www.chess.com"]

[Event "Titled Tuesday Blitz May 23 Late 2023"]
[White "Safin, Robert"]
[Black "Horvath, Dominik"]
[WhiteFideId "34189120"]
[BlackFideId "1642561"]
[WhiteElo "2295"]
[BlackElo "2407"]
[Result "0-1"]
[Round "09"]
[TimeControl "180+2"]
[Date "2023.05.23"]
[WhiteClock "0:00:00"]
[BlackClock "0:00:05"]

1. e4 g6 2. d4 Nf6 3. Nc3 d5 4. e5 Ne4 5. Nce2 f6 6. f3 Ng5 7. Bxg5 fxg5 8. Nh3 h6 9. Ng3 c5 10. Bd3 Kf7 11. O-O c4 12. Be2 Qb6 13. f4 Kg7 14. fxg5 Bxh3 15. gxh3 hxg5 16. c3 Qxb2 17. Qe1 Nc6 18. Qf2 Nd8 19. Qe3 Ne6 20. Rab1 Qc2 21. Rxb7 Nf4 22. Rxf4 gxf4 23. Qxf4 Qxc3 24. e6 Kh7 25. Bf3 Bg7 26. Bxd5 Qxd4+ 27. Qxd4 Bxd4+ 28. Kg2 Bc5 29. Bxc4 Rad8 30. Ne4 Ba3 31. Ng5+ Kg7 32. Rxa7 Rd2+ 33. Kf3 Bc5 34. Rc7 Rf2+ 0-1


[Site "https://www.chess.com"]

[Event "Titled Tuesday Blitz May 23 Late 2023"]
[White "Alex_Sahakyan2006"]
[Black "Fiorito, Francisco"]
[BlackFideId "180165"]
[WhiteElo "2682"]
[BlackElo "2341"]
[Result "1-0"]
[Round "09"]
[TimeControl "180+2"]
[Date "2023.05.23"]
[WhiteClock "0:00:21"]
[BlackClock "0:00:12"]

1. d4 Nf6 2. Nf3 b6 3. Bg5 Ne4 4. Bf4 Bb7 5. Nbd2 Nxd2 6. Qxd2 d6 7. d5 g6 8. Qc3 Rg8 9. e4 Bg7 10. Bb5+ c6 11. Be5 Bxe5 12. Nxe5 cxb5 13. Ng4 f6 14. h4 h5 15. Nh6 Rh8 16. Qe3 Nd7 17. g4 hxg4 18. Nxg4 Qc7 19. O-O-O Qc5 20. Qf4 O-O-O 21. Rh3 b4 22. a3 a5 23. axb4 axb4 24. Rdd3 Kb8 25. Qd2 Rc8 26. Rd4 Qa5 27. Qxb4 Qxb4 28. Rxb4 Rc5 29. c3 Bc8 30. Rh2 Rh5 31. Kd2 g5 32. hxg5 Rxg5 33. f3 Kc7 34. Rh8 Rg7 35. Ne3 Ne5 36. Ra4 Nxf3+ 37. Ke2 Ne5 38. Nf5 Rg2+ 39. Kf1 Rxb2 40. Ra7+ Bb7 41. Nxe7 Rxc3 42. Rc8+ Kd7 43. Rxb7+ Rc7 44. Rbxc7# 1-0


[Site "https://www.chess.com"]

[Event "Titled Tuesday Blitz May 23 Late 2023"]
[White "Reprintsev, Alexander"]
[Black "Vlassov, Nikolai"]
[WhiteFideId "14100541"]
[BlackFideId "4103360"]
[WhiteElo "2218"]
[BlackElo "2324"]
[Result "0-1"]
[Round "09"]
[TimeControl "180+2"]
[Date "2023.05.23"]
[WhiteClock "0:00:07"]
[BlackClock "0:00:16"]

1. e4 c5 2. b3 Nf6 3. e5 Nd5 4. Nc3 e6 5. Bb2 Be7 6. Nf3 O-O 7. Ne4 f5 8. Nd6 Nc6 9. c4 Nf4 10. g3 Ng6 11. Bg2 Qc7 12. Nxc8 Raxc8 13. Qe2 f4 14. h4 Rf5 15. g4 Rff8 16. h5 Nh8 17. O-O-O a6 18. g5 b5 19. g6 hxg6 20. h6 Nf7 21. hxg7 Kxg7 22. Nh4 Bxh4 23. Rxh4 Nd4 24. Bxd4 cxd4 25. Rdh1 Rh8 26. Rxf4 Rxh1+ 27. Bxh1 bxc4 28. b4 Nxe5 29. Rxd4 Nd3+ 30. Kb1 Nxb4 31. Be4 Rb8 32. Ka1 Qe5 33. Qe3 d5 34. f4 dxe4 35. fxe5 Nc2# 0-1


[Site "https://www.chess.com"]

[Event "Titled Tuesday Blitz May 23 Late 2023"]
[White "Sivakumar, Shaaketh"]
[Black "Schnaider, Ilan"]
[WhiteFideId "30940176"]
[BlackFideId "169013"]
[WhiteElo "2174"]
[BlackElo "2224"]
[Result "1-0"]
[Round "09"]
[TimeControl "180+2"]
[Date "2023.05.23"]
[WhiteClock "0:00:18"]
[BlackClock "0:00:00"]

1. e4 c6 2. d4 d5 3. e5 c5 4. dxc5 Nc6 5. a3 e6 6. b4 Nxe5 7. Bb2 Ng6 8. Nf3 Nf6 9. Nbd2 Be7 10. h4 O-O 11. h5 Nf4 12. h6 Re8 13. hxg7 b6 14. g3 Ng6 15. Ng5 bxc5 16. Nxh7 d4 17. Nxf6+ Bxf6 18. Qh5 Bxg7 19. Bd3 Bb7 20. Rh3 Ne5 21. Bb5 Bc6 22. Bxc6 Nxc6 23. Qxc5 Rc8 24. Qh5 Qf6 25. Ne4 Qe5 26. Qh7+ Kf8 27. O-O-O Qf5 28. Qxf5 exf5 29. Nd6 Rcd8 30. Nxe8 Rxe8 31. Kd2 Bf6 32. f4 Bg7 33. Re1 Rd8 34. Rh5 Ne7 35. Rxe7 Kxe7 36. Rxf5 Rc8 37. Rc5 Rh8 38. Rc7+ Ke6 39. Rxa7 Rh2+ 40. Kd3 Rh3 41. f5+ Kxf5 42. Rxf7+ Kg6 43. Rf3 Rh1 44. b5 Rb1 45. Bxd4 Rd1+ 46. Kc4 Rxd4+ 47. Kc5 Rd2 48. c4 Bd4+ 49. Kc6 Rc2 50. Kd5 Bg1 51. Rf4 Kg5 52. Kc6 1-0


[Site "https://www.chess.com"]

[Event "Titled Tuesday Blitz May 23 Late 2023"]
[White "Chor, Kevin"]
[Black "ArrestingPieces"]
[WhiteFideId "2090740"]
[WhiteElo "2642"]
[BlackElo "2502"]
[Result "0-1"]
[Round "09"]
[TimeControl "180+2"]
[Date "2023.05.23"]
[WhiteClock "0:00:16"]
[BlackClock "0:00:35"]

1. e4 e5 2. Nf3 Nc6 3. Bb5 a6 4. Ba4 Nf6 5. O-O Nxe4 6. d4 b5 7. Bb3 d5 8. dxe5 Be6 9. Nbd2 Bc5 10. Qe2 Nxd2 11. Bxd2 O-O 12. c3 Bg4 13. Bf4 d4 14. Qe4 Qe8 15. Bd5 Bd7 16. cxd4 Bb6 17. Rac1 Nb4 18. Bxa8 Qxa8 19. Qxa8 Rxa8 20. e6 Bxe6 21. Bxc7 Bxc7 22. Rxc7 Rd8 23. a3 Nd5 24. Ra7 b4 25. Rxa6 bxa3 26. bxa3 h6 27. h3 Rb8 28. Re1 Rb2 29. a4 Ra2 30. a5 Kh7 31. Ra7 Nf4 32. a6 Bd5 33. Nh4 g5 34. Nf3 Kg7 35. Ne5 Nxg2 36. Rc1 Nf4 37. Rcc7 Ra1+ 38. Kh2 Rh1+ 39. Kg3 Rg1+ 40. Kh2 Rg2+ 41. Kh1 Rxf2+ 42. Kg1 Nxh3# 0-1


[Site "https://www.chess.com"]

[Event "Titled Tuesday Blitz May 23 Late 2023"]
[White "NikaVolkov"]
[Black "Manukyan, Sargis A."]
[BlackFideId "13303970"]
[WhiteElo "2633"]
[BlackElo "2187"]
[Result "0-1"]
[Round "09"]
[TimeControl "180+2"]
[Date "2023.05.23"]
[WhiteClock "0:00:00"]
[BlackClock "0:00:14"]

1. d4 d5 2. Nf3 Nf6 3. e3 Bg4 4. c4 c6 5. Be2 e6 6. Nc3 Nbd7 7. O-O Bd6 8. h3 Bh5 9. Nd2 Bg6 10. b3 O-O 11. Bb2 a5 12. Bf3 h6 13. e4 dxe4 14. Ndxe4 Be7 15. Qe2 Nxe4 16. Nxe4 Nf6 17. Nc5 b6 18. Nd3 Rc8 19. Ne5 Bh7 20. Nxc6 Qc7 21. d5 Rfe8 22. dxe6 Bd6 23. exf7+ Qxf7 24. Qd2 Ne4 25. Qd5 Qxd5 26. cxd5 Nd2 27. Rfe1 Nxf3+ 28. gxf3 Bf5 29. Kg2 Kf7 30. a4 Bc2 31. Be5 Rxc6 32. dxc6 Rxe5 33. Rxe5 Bxe5 34. Rc1 Bf5 35. c7 Bc8 36. Rc6 Ke7 37. Rxb6 Bxc7 38. Rb5 Bd7 39. Rc5 Bb6 40. Rc3 Be6 41. Rc6 Bd8 42. Rc3 Kd7 43. Rd3+ Kc7 44. Rc3+ Kb7 45. Re3 Bd5 46. Rd3 Kc6 47. Rc3+ Kd6 48. Rd3 Bf6 49. Kg3 Kc5 50. f4 Bd4 51. f5 Be4 52. Rd1 Bxf5 53. Kf4 Bxh3 54. Rc1+ Kd6 55. Ke4 Bf6 56. f4 Bg2+ 57. Kd3 Bd5 58. Rb1 Be6 59. Ke3 g5 60. b4 axb4 61. Rxb4 g4 62. a5 Bd5 63. a6 Kc5 64. Rb1 g3 65. Rc1+ Kb6 66. Rd1 Bc6 67. Rg1 g2 68. f5 Be7 69. Rb1+ Kxa6 70. Ra1+ Kb6 71. Rb1+ Kc7 72. Rc1 g1=Q+ 73. Rxg1 Bc5+ 74. Kf4 Bxg1 75. f6 Bc5 76. Kg4 Bf8 77. Kh5 Kd6 78. Kg6 Ke6 79. f7 Ke7 80. Kh7 Kxf7 81. Kh8 h5 82. Kh7 h4 83. Kh8 h3 0-1


[Site "https://www.chess.com"]